Map: Aura mortal EE

Players

BlueBeast

  • Race: Zerg Zerg
  • Spawn Location: 5:00

MrFercho - Winner!

  • Race: Zerg Zerg
  • League: Silver
  • Spawn Location: 11:00

VOD

Have the link to the VOD?

Description

Time

  • Played on: July 3, 2020, 1:08 a.m.
  • Length: 10:20
Show
View Real Time Build Order
Export as new Build Order

BlueBeast Zerg 

Build Orders: Hatch First, Muta Ling Bane 

Get SALT Encoding   

  12  0:11  Drone x2  
  14  0:40  Hatchery  
  13  0:52  Spawning Pool  
  13  0:54  Drone  
  13  1:10  Drone  
  14  1:11  Overlord  
  14  1:35  Drone x2  
  14  1:36  Drone  
  17  1:40  Extractor  
  16  1:54  Spine Crawler  
  16  1:55  Drone  
  16  1:58  Drone  
  16  1:59  Drone  
  18  2:32  Drone x3  
  18  2:33  Drone x3  
  24  3:00  Zergling x2  
  24  3:01  Zergling x6  
  28  3:18  Overlord x3  
  28  3:19  Overlord  
  28  3:22  Metabolic Boost  
  28  3:39  Hatchery  
  23  4:31  Drone x6  
  23  4:33  Queen  
  23  4:35  Queen  
  33  4:46  Extractor  
  33  4:51  Evolution Chamber  
  31  4:55  Drone  
  31  4:56  Baneling Nest, Drone x4  
  35  5:01  Queen  
  37  5:09  Drone x3  
  37  5:12  Lair  
  40  5:28  Queen  
  42  5:31  Drone x6  
  48  5:52  Overlord x4  
  48  5:58  Zergling x8  
  48  5:59  Zergling x8  
  56  6:13  Drone x6  
  62  6:49  Spire  
  62  6:51  Queen  
  63  7:01  Extractor  
  63  7:04  Zergling x26  
  63  7:05  Zergling x4  
  63  7:08  Baneling x5  
  77  7:09  Baneling x8  
  77  7:10  Baneling x3  
  77  7:31  Zergling x2  
  77  7:32  Zergling x24  
  90  7:48  Overlord  
  90  7:49  Overlord x4  
  90  7:54  Baneling  
  90  7:55  Baneling x16  
  90  7:56  Baneling x2  
  90  8:10  Drone x3  
  93  8:14  Extractor  
  93  8:15  Drone x3  
  93  8:17  Drone x3  
  93  8:18  Drone  
  99  8:26  Centrifical Hooks  
  76  9:02  Mutalisk  
  76  9:04  Zergling x12  
  76  9:05  Zergling x8  
  88  9:11  Baneling x4  
  88  9:12  Baneling x6  
  62  9:51  Zergling x2  
  62  9:52  Zergling x28  
Show
View Real Time Build Order
Export as new Build Order

MrFercho Zerg - Winner!

Build Orders: Pool First 

Get SALT Encoding   

  12  0:01  Drone  
  13  0:14  Overlord  
  13  0:17  Drone  
  14  0:36  Drone x3  
  17  0:49  Drone  
  18  0:50  Spawning Pool  
  17  1:11  Hatchery  
  16  1:18  Drone x2  
  16  1:20  Drone  
  19  1:28  Extractor  
  19  1:31  Drone  
  19  1:37  Queen  
  21  1:43  Overlord  
  21  1:53  Drone  
  22  2:06  Drone  
  23  2:23  Queen  
  25  2:31  Lair  
  25  2:36  Drone x5  
  30  2:44  Drone  
  31  2:53  Drone  
  31  2:54  Drone x3  
  31  2:55  Drone  
  36  3:08  Roach Warren  
  35  3:18  Overlord, Evolution Chamber, Drone  
  35  3:19  Overlord  
  35  3:20  Overlord  
  35  3:25  Extractor x2  
  35  3:26  Drone  
  34  3:48  Hydralisk Den  
  34  3:49  Drone x5  
  36  4:05  Roach  
  36  4:06  Roach x6  
  49  4:12  Queen  
  50  4:21  Spine Crawler  
  49  4:33  Drone x9  
  49  4:34  Drone  
  59  4:41  Glial Reconstitution  
  59  4:52  Overlord x2  
  59  5:08  Zerg Missile Weapons Level 1  
  59  5:10  Queen  
  61  5:16  Muscular Augments  
  61  5:32  Drone x11  
  61  5:34  Drone  
  73  5:47  Hatchery, Roach  
  73  5:48  Overlord  
  74  5:59  Extractor  
  74  6:03  Drone x2  
  74  6:04  Drone  
  76  6:07  Drone x3  
  76  6:08  Queen  
  81  6:32  Spire  
  80  6:43  Roach x2  
  80  6:44  Overlord  
  80  6:45  Overlord x4  
  84  7:01  Spine Crawler  
  84  7:02  Overseer  
  84  7:06  Overseer  
  83  7:12  Drone x9  
  92  7:24  Drone x2  
  92  7:26  Drone  
  95  7:33  Hydralisk  
  95  7:34  Hydralisk x5  
  95  7:35  Evolution Chamber  
  106  8:16  Extractor  
  106  8:17  Extractor  
  104  8:21  Mutalisk x7  
  104  8:22  Mutalisk x3  
  108  9:06  Hydralisk  
  108  9:07  Hydralisk x10  
  108  9:09  Overlord  
  130  9:22  Evolution Chamber  
  127  9:40  Mutalisk x5  
  117  10:01  Overlord x3  
  117  10:02  Overlord x3  
Tags
 
Composition
Muta Ling Bane
League
Silver
Matchup
ZvZ
Race
Zerg
Replay Pack
MrFercho
Spawn Locations
Cross Positions
Add a new tag
Caveats
  • Supply blocks, unpowered buildings, or Contaminate may cause inaccurate times.
  • Supply counts are checked every 10 seconds.